 Dungeon Crawl Stone Soup version 0.28-a0-622-gbaef9634d7 (webtiles) character file.

Game seed: 4608263808767416044

314 zxkuqyb the Chopper (level 6, 49/55 HPs)
             Began as a Minotaur Berserker on Oct 8, 2021.
             Was a Believer of Trog.
             Quit the game in a sewer.
             The game lasted 00:08:13 (3736 turns).

zxkuqyb the Chopper (Minotaur Berserker)            Turns: 3736, Time: 00:08:13

Health: 49/55      AC:  7    Str: 24    XL:     6   Next: 19%
Magic:  5/5        EV: 11    Int:  4    God:    Trog [**....]
Gold:   106        SH:  0    Dex:  9    Spells: 5/5 levels left

rFire   . . .      SeeInvis .   a - +0 hand axe
rCold   . . .      Faith    .   (no shield)
rNeg    . . .      Spirit   .   r - +0 ring mail
rPois   .          Reflect  .   (helmet restricted)
rElec   .          Harm     .   f - scarf {repulsion}
rCorr   .          Rampage  .   (no gloves)
Will    .....                   o - +0 pair of boots
Stlth   ..........              (no amulet)
HPRegen 0.18/turn               (no ring)
MPRegen 0.09/turn               (no ring)

@: repel missiles
A: horns 2, retaliatory headbutt
a: Renounce Religion, Berserk, Trog's Hand


You were in a sewer.
You worshipped Trog.
Trog was pleased with you.
You visited 1 branch of the dungeon, and saw 4 of its levels.
You also visited: Sewer.

You collected 106 gold pieces.

Inventory:

Hand Weapons
 a - a +0 hand axe (weapon)
 e - a +3 short sword of electrocution
 q - a +0 war axe
Armour
 b - a +0 animal skin
 f - a scarf of repulsion (worn)
 o - a +0 pair of boots (worn)
 r - a +0 ring mail (worn)
Wands
 n - a wand of charming (9)
 u - a wand of paralysis (10)
Scrolls
 c - 2 scrolls of fog {unknown}
 h - 4 scrolls of identify {unknown}
 j - a scroll of silence {unknown}
 p - 2 scrolls of enchant armour {unknown}
 s - a scroll of magic mapping {unknown}
 v - a scroll of amnesia {unknown}
 w - a scroll of torment {unknown}
Potions
 d - 3 potions of brilliance {unknown}
 g - a potion of resistance {unknown}
 i - a potion of heal wounds {unknown}
 k - a potion of curing {unknown}
 l - 2 potions of mutation {unknown}
 m - a potion of degeneration {unknown}
 t - a potion of might {unknown}


   Skills:
 + Level 4.9 Fighting
 * Level 5.7 Axes
 * Level 4.8 Armour
 + Level 3.4 Dodging


You had 5 spell levels left.
You didn't know any spells.
Your spell library was empty.

Dungeon Overview and Level Annotations

Branches:
Dungeon (4/15)              Sewer (1/1)
 Temple: D:4-7

Altars:
Dithmenos


Innate Abilities, Weirdness & Mutations

You have a pair of horns on your head.
You reflexively headbutt those who attack you in melee.


Message History

A ball python comes into view.
The ball python hisses angrily.
The jackal bites you but does no damage. x2
The kobold hits you with a +0 short sword.
The jackal bites you but does no damage.
You see here a jackal corpse.
The ball python bites you but does no damage.
The ball python closely misses you.
The jackal bites you but does no damage.
You closely miss the ball python. You hit the jackal.
You hit the kobold but do no damage. The ball python barely misses you.
You furiously retaliate!
You headbutt the ball python. The ball python barely misses you.
The jackal completely misses you.
The kobold splashes around in the water.
The ball python barely misses you. The ball python grabs you.
The ball python constricts you.
The jackal bites you but does no damage.
You hit the ball python.
You kill the ball python!
Trog accepts your kill.
You closely miss the kobold. You barely miss the jackal.
The jackal closely misses you. You furiously retaliate!
You headbutt the jackal!
You kill the jackal!
Trog accepts your kill. The kobold hits you but does no damage.
You hit the kobold.
The kobold is severely wounded.
The kobold hits you but does no damage.
You hit the kobold but do no damage.
The kobold is severely wounded.
The kobold closely misses you.
You closely miss the kobold. Your headbutt misses the kobold.
The kobold is severely wounded.
The kobold barely misses you.
You hit the kobold.
You kill the kobold!
Trog accepts your kill.
You hear a splash. x2
Are you sure you want to abandon this character and quit the game? (Confirm with "yes".)

#######P.≈# .≈#
≈≈≈≈≈≈...# #≈#
######P..# #≈#
#....≈≈# #≈#
###...†.## ≈
#≈#####..≈.≈≈## .≈.
#≈##.≈.≈≈.≈≈).#
.≈..≈##†#≈≈..#≈#..≈≈##
.≈.≈...@)...≈#≈#.≈...#
P.≈≈.≈.≈.†≈.≈#≈#..≈P.#
..≈.≈.≈≈..P.≈#≈#≈.PPP#
P.≈≈≈...#≈#≈.#≈#≈P.P##
P≈≈.≈≈.≈#≈#########..#
≈.≈.≈≈.≈#≈#≈≈≈≈≈≈†≈≈.#
≈≈P≈≈≈..#≈#########.##
≈.......#≈. ##.# ###


There were no monsters in sight!

Vanquished Creatures
  A black bear (D:4)
  A water moccasin skeleton (D:4)
  An orc priest (D:3)
  An iguana (D:4)
  An orc wizard (D:4)
  A river rat (D:4)
  2 adders (D:2)
  A worm (D:2)
  4 orcs
  6 ball pythons
  3 endoplasms
  3 giant cockroaches
  2 hobgoblins
  10 jackals
  11 kobolds
  5 quokkas
  A bat (D:3)
  3 frilled lizards
  2 goblins (D:1)
  4 rats
63 creatures vanquished.

Vanquished Creatures (others)
  5 plants (Sewer)
5 creatures vanquished.

Grand Total: 68 creatures vanquished

Notes
Turn   | Place    | Note
-------+----------+-------------------------------------------
     0 | D:1      | zxkuqyb the Minotaur Berserker began the quest for the Orb.
     0 | D:1      | Reached XP level 1. HP: 19/19 MP: 0/0
   206 | D:1      | Reached XP level 2. HP: 22/27 MP: 1/1
   371 | D:1      | Reached skill level 4 in Axes
   500 | D:1      | Found a faded altar of an unknown god.
  1465 | D:2      | Reached XP level 3. HP: 21/33 MP: 2/2
  2342 | D:3      | Reached XP level 4. HP: 40/40 MP: 3/3
  2471 | D:3      | Reached ** piety under Trog
  3229 | D:4      | Noticed a black bear
  3235 | D:4      | Killed a black bear
  3236 | D:4      | Reached skill level 5 in Axes
  3236 | D:4      | Reached XP level 5. HP: 47/47 MP: 4/4
  3364 | D:4      | Found a shadowy altar of Dithmenos.
  3535 | D:4      | Reached XP level 6. HP: 38/55 MP: 5/5
  3615 | D:4      | Found a glowing drain.
  3623 | Sewer    | Entered a sewer
  3736 | Sewer    | Quit the game

Illustrated notes

Levels and vault maps discovered:
D:1:      mrwooster_arrival_statue_2, layout_basic,
          dreamdust_ecumenical_altar_grove, serial_park_tiny_pond
D:2:      layout_loops_corners
D:3:      layout_basic
D:4:      layout_gridville, marbit_many_paths, gup_sewer_entry_bubbles
Sewer:    sewer_co_scattered_pipes

Skill      XL: |  1  2  3  4 |
---------------+-------------+-----
Axes           | 4 5 |  5.7
Fighting       | 4 |  4.9
Armour         | 3 4 |  4.8
Dodging        | 3 |  3.4

Action                   |  1- 3 |  4- 6 || total
-------------------------+-------+-------++-------
Melee: Hand axe          |    63 |    82 ||   145
       Headbutt          |     7 |     9 ||    16
       War axe           |     6 |       ||     6
Invok: Berserk           |       |     1 ||     1
 Stab: Sleeping          |     1 |       ||     1
Armor: Animal skin       |     5 |       ||     5
       Ring mail         |       |    44 ||    44
Dodge: Dodged            |    41 |    59 ||   100

Table legend: (Time is in decaauts)
 A = Elapsed time spent in this place.
 B = Non-inter-level travel time spent in this place.
 C = Inter-level travel time spent in this place.
 D = Time resting spent in this place.
 E = Time spent auto-exploring this place.
 F = Levels seen in this place.
 G = Mean time per level.
                   A        B        C        D        E       F      G
               +--------+--------+--------+--------+--------+-----+--------+
         Total |   3774 |   3656 |    118 |    706 |   2172 |   5 |  754.8 |
       Dungeon |   3656 |   3538 |    118 |    656 |   2147 |   4 |  914.0 |
         Sewer |    118 |    118 |      0 |     50 |     25 |   1 |  118.0 |
               +--------+--------+--------+--------+--------+-----+--------+

Top non-repeatable levels by time:
     D:1: 1305 daAuts
     D:2: 1040 daAuts
     D:3: 811 daAuts
     D:4: 500 daAuts
   Sewer: 118 daAuts
